 Dungeon Crawl Stone Soup version 0.28.0-53-g5a82cb258f (webtiles) character file.

Game seed: 5177459623835039700

11 Laubgeist the Gusty (level 2, 0/20 HPs)
             Began as a Palentonga Air Elementalist on July 23, 2022.
             Slain by a hobgoblin (2 damage)
             ... on level 1 of the Dungeon.
             The game lasted 00:02:29 (264 turns).

Laubgeist the Gusty (Palentonga Air Elementalist)    Turns: 264, Time: 00:02:30

Health: 0/20       AC:  4    Str: 11    XL:     2   Next: 13%
Magic:  0/5        EV: 10    Int: 15    God:
Gold:   10         SH:  0    Dex: 10    Spells: 4/5 levels left

rFire   . . .      SeeInvis +   b - +0 dagger
rCold   . . .      Faith    .   (no shield)
rNeg    . . .      Spirit   .   a - +0 robe
rPois   .          Reflect  .   (no helmet)
rElec   .          Harm     .   (no cloak)
rCorr   .          Rampage  .   (no gloves)
Will    .....                   (no barding)
Stlth   +.........              (no amulet)
HPRegen 0.06/turn               (no ring)
MPRegen 0.09/turn               (no ring)

@: no status effects
A: large, rugged brown scales 3, see invisible, deformed body, roll 1, armoured
tail
a: Rolling Charge


You were on level 1 of the Dungeon.
You visited 1 branch of the dungeon, and saw 1 of its levels.

You collected 10 gold pieces.

Inventory:

Hand Weapons
 b - a +0 dagger (weapon)
Armour
 a - a +0 robe (worn)


   Skills:
 + Level 0.2 Short Blades
 + Level 1.8 Dodging
 + Level 1.2 Stealth
 + Level 2.1 Spellcasting
 + Level 1.1 Conjurations
 + Level 2.6 Air Magic


You had 4 spell levels left.
You knew the following spells:

 Your Spells              Type           Power      Damage    Failure   Level
a - Shock                 Conj/Air       28%        1d4       11%         1

Your spell library contained the following spells:

 Spells                   Type           Power      Damage    Failure   Level
 Static Discharge         Conj/Air       7%         N/A       16%         2
 Swiftness                Air            9%         N/A       22%         3
 Airstrike                Air            4%         N/A       58%         4


Dungeon Overview and Level Annotations

Branches:
Dungeon (1/15)

Altars:


Innate Abilities, Weirdness & Mutations

You are completely covered in rugged brown scales. (AC +3, +7% HP)
You have supernaturally acute eyesight. (SInv)
Armour fits poorly on your strangely shaped body.
You can roll at nearby foes to attack.
You have a long armoured tail.


Message History

The hobgoblin hits you but does no damage.
You barely miss the hobgoblin.
Your tail-slap misses the hobgoblin.
The hobgoblin closely misses you.
You hit the hobgoblin but do no damage.
The hobgoblin hits you but does no damage.
Aiming: Shock (safe; 11% risk of failure)
Press: ? - help, Q - select action, (/) - cycle Shift-Dir - straight line, f - hobgoblin
Aim: a hobgoblin (68% to hit)
You miscast Shock.
You are very lightly contaminated with residual magic.
Nothing appears to happen.
The hobgoblin hits you.
* * * LOW HITPOINT WARNING * * *
You hit the hobgoblin.
The hobgoblin is almost dead.
The hobgoblin closely misses you.
You hit the hobgoblin but do no damage.
The hobgoblin is almost dead.
The hobgoblin hits you but does no damage.
You hit the hobgoblin but do no damage.
Your tail-slap misses the hobgoblin.
You punch the hobgoblin, but do no damage.
The hobgoblin is almost dead.
The hobgoblin barely misses you.
You hit the hobgoblin but do no damage.
The hobgoblin is almost dead.
The hobgoblin closely misses you.
You closely miss the hobgoblin.
The hobgoblin is almost dead.
The hobgoblin closely misses you.
You completely miss the hobgoblin.
The hobgoblin is almost dead.
The hobgoblin hits you but does no damage.
You completely miss the hobgoblin.
The hobgoblin is almost dead.
The hobgoblin hits you but does no damage.
Your magical contamination has completely faded away.
You closely miss the hobgoblin.
Your tail-slap misses the hobgoblin.
The hobgoblin is almost dead.
The hobgoblin hits you.
You die...

.#####.. .## #.
..... ..# #. ....
#.# #. ... #.# #.
..##### #.###. .
..#.. #.....
...###.#.# ###...#.
#..).†#@###
##.....#.
#†g...######..###[..
###..[#......#.##
##..
#......###.....# #..
#........##.##..#
##.
#..........#.###.#
#. ..............#
#.# #.
##..........### #.#
#. #..........# #.#
#.


You could see a hobgoblin.

Vanquished Creatures
  A ball python (D:1)
  2 endoplasms (D:1)
  A giant cockroach (D:1)
  2 goblins (D:1)
  A hobgoblin (D:1)
  A quokka (D:1)
8 creatures vanquished.

Notes
Turn   | Place    | Note
-------+----------+-------------------------------------------
     0 | D:1      | Laubgeist the Palentonga Air Elementalist began the quest
                  | for the Orb.
     0 | D:1      | Reached XP level 1. HP: 13/13 MP: 3/3
   156 | D:1      | Reached skill level 1 in Conjurations
   241 | D:1      | Reached XP level 2. HP: 19/20 MP: 0/5
   264 | D:1      | Slain by a hobgoblin

Illustrated notes

Levels and vault maps discovered:
D:1:      lightli_molten_gateway, layout_rooms, basic_ecumenical_altar,
          nrook_uturn

Skill      XL: |  1 |
---------------+----+-----
Conjurations   | 1 |  1.1
Short Blades   | |  0.2
Dodging        | |  1.8
Stealth        | |  1.2
Spellcasting   | |  2.1
Air Magic      | |  2.6

Action                   || total
-------------------------++-------
Melee: Dagger            ||    28
       Unarmed           ||     1
       Tailslap          ||     1
       Punch             ||     1
 Cast: Shock             ||    13
 Abil: Rolling Charge    ||     2
Armor: Robe              ||    14
Dodge: Dodged            ||    20
